[Event "*** Titled Tuesday Blitz"]
[Site "Chess.com"]
[Date "2020.11.10"]
[Round "11"]
[White "Javylavilla"]
[Black "IANOV0007"]
[Result "1-0"]
[WhiteElo "2269"]
[BlackElo "2426"]
[TimeControl "180+1"]
[EndTime "12:13:22 PST"]
[Termination "Javylavilla won on time"]

1. e4 d6 2. d4 Nf6 3. Nc3 e5 4. dxe5 dxe5 5. Qxd8+ Kxd8 6. Bg5 Be6 7. O-O-O+ Kc8 8. Nf3 Nbd7 9. Bb5 c6 10. Be2 Bc5 11.
Bxf6 gxf6 12. Rhf1 Rg8 13. g3 b5 14. Nh4 Bd4 15. f4 Nc5 16. f5 Bd7 17. Bd3 Rg4 18. Rde1 Kc7 19. Rf3 Bxc3 20. bxc3 Na4 21. Kd2 Rd8 22.
Ng2 Rgg8 23. Ne3 Bc8 24. Nd1 c5 25. Kc1 c4 26. Bf1 Bb7 27. h3 Nc5 28. Rfe3 Rd6 29. g4 Rgd8 30. h4 Nxe4 31. Bg2 Nc5 32. Bxb7 Kxb7 33.
g5 Nd7 34. Nf2 Ra6 35. Kb1 fxg5 36. hxg5 f6 37. g6 hxg6 38. fxg6 Rg8 39. Rg1 f5 40. g7 Rh6 41. Reg3 Kc7 42. Nh3 f4 43. Rf3 Kd6 44.
Ng5 Ke7 45. Ne4 Nf6 46. Nc5 Rh7 47. Re1 1-0

[Event "*** Titled Tuesday Blitz"]
[Site "Chess.com"]
[Date "2020.11.10"]
[Round "11"]
[White "Anton_Demchenko"]
[Black "horripile"]
[Result "1-0"]
[WhiteElo "2837"]
[BlackElo "2674"]
[TimeControl "180+1"]
[EndTime "12:13:23 PST"]
[Termination "Anton_Demchenko won by resignation"]

1. e4 c5 2. Nf3 Nc6 3. Nc3 e6 4. d4 cxd4 5. Nxd4 Qc7 6. g3 a6 7. Bg2 Nf6 8. O-O Nxd4 9. Qxd4 Bc5 10. Bf4 d6 11. Qd2 h6 12. Rad1 e5 13. Be3 Ke7 14.
Bxc5 Qxc5 15. Na4 Qc6 16. f4 a5 17. Nc3 Be6 18. Kh1 Qc5 19. Rfe1 Rhe8 20. fxe5 dxe5 21.
Nd5+ Bxd5 22. exd5 Kd6 23. h3 Re7 24. a3 Rc8 25.
Re2 b6 26. Kh2 Qc4 27. Qe3 Qb5 28. c3 a4 29. Rf1 Rce8 30. Ref2 e4 31. Rd2 Qc5 32.
Qf4+ Re5 33. Rd4 e3 34. Re1 Kd7 35. Rxa4 e2 36. Ra7+ Kd8 37. Qa4 Qd6 38. Ra8+ Ke7 39. Rxe8+ Nxe8 40. Qf4 Nf6 41. Qf2 Nxd5 42. Rxe2 Nf6 43.
Rxe5+ Qxe5 44. Qxb6 Qe2 45. a4 h5 46. a5 h4 47. gxh4 Qe5+ 48. Kh1 Nh5 49. a6 Ng3+ 50.
Kg1 Qe1+ 51. Kh2 Ne2 52. Qe3+ Kd6 53. a7 1-0

[Event "*** Titled Tuesday Blitz"]
[Site "Chess.com"]
[Date "2020.11.10"]
[Round "11"]
[White "Parhamov"]
[Black "Jumbo"]
[Result "1-0"]
[WhiteElo "2965"]
[BlackElo "2868"]
[TimeControl "180+1"]
[EndTime "12:13:24 PST"]
[Termination "Parhamov won by resignation"]

1. d4 Nf6 2. Nf3 e6 3. Bf4 b6 4. Nbd2 Bb7 5. h3 d5 6. a4 Bd6 7. Bxd6 cxd6 8. e3 O-O 9. a5 bxa5 10. Nb3 Nc6 11. Bd3 Qb6 12. O-O Ba6 13. Bxa6 Qxa6 14. Nxa5 Nxa5 15. b4 Qb5 16. bxa5 Rab8 17. Qd3 Ne4 18. a6 Rfc8 19. Rfc1 Nc3 20. Qxb5 Rxb5 21.
Kf1 Rc6 22. Ra3 h6 23. Ne1 e5 24. Nd3 f6 25. Ke1 Kf7 26. f3 Rbb6 27. h4 Rxa6 28. Rxa6 Rxa6 29. Kd2 Ra3 30. h5 Ke6 31. Rh1 Na4 32.
g4 Nb6 33. f4 Nc4+ 34. Ke2 e4 35. f5+ Kd7 36. Nb4 Rxe3+ 37. Kf2 Rf3+ 38. Ke2 Rc3 39. Rc1 Ne3 40. Ra1 Nxc2 41. Rxa7+ Ke8 42. Kd2 Nxb4 43.
Kxc3 Nc6 44. Rxg7 e3 45. Kd3 e2 46. Kxe2 Nxd4+ 47. Kf2 Nc6 48. Rg6 Ne5 49. Ke3 Nxg6 50. hxg6 1-0

[Event "*** Titled Tuesday Blitz"]
[Site "Chess.com"]
[Date "2020.11.10"]
[Round "11"]
[White "Praslov"]
[Black "IngOscarArdila"]
[Result "0-1"]
[WhiteElo "2364"]
[BlackElo "2143"]
[TimeControl "180+1"]
[EndTime "12:13:24 PST"]
[Termination "IngOscarArdila won on time"]

1. d4 Nf6 2. Nf3 g6 3. Nbd2 Bg7 4. e4 d6 5. c3 O-O 6. Be2 Nbd7 7. O-O e5 8. dxe5 dxe5 9. Qc2 Re8 10. a4 Nc5 11.
Rd1 Qe7 12. b4 Ncd7 13. Nc4 b6 14. Ne3 Bb7 15. Nd2 Rad8 16. f3 c5 17. b5 Nh5 18.
Bc4 Nf4 19. g3 Ne6 20. Nd5 Qf8 21. Nf1 Nf6 22. Nfe3 h6 23. Kg2 Rd6 24. Bb2 Red8 25. Nxf6+ Bxf6 26. Bd5 Bxd5 27. Nxd5 Bg7 28. Rd2 R8d7 29. Rad1 Qd8 30. Qb3 Nc7 31. c4 Ne6 32. Rd3 Nd4 33. Bxd4 exd4 34. f4 Kh8 35. e5 Re6 36. Qc2 Rxd5 37. cxd5 Qxd5+ 38. Kg1 f6 39. exf6 Bxf6 40. Qg2 Qd7 41. R3d2 Qe7 42. Kf1 c4 43. Re2 d3 44. Rxe6 Qxe6 45. Qa8+ Kh7 46. Qb7+ Bg7 47. Re1 Qh3+ 48. Kg1 d2 49. Rd1 c3 50. Qc7 Qg4 0-1

[Event "*** Titled Tuesday Blitz"]
[Site "Chess.com"]
[Date "2020.11.10"]
[Round "11"]
[White "tdf98pantani"]
[Black "albi1999"]
[Result "0-1"]
[WhiteElo "2712"]
[BlackElo "2592"]
[TimeControl "180+1"]
[EndTime "12:13:25 PST"]
[Termination "albi1999 won by resignation"]

1. d4 d5 2. c4 e6 3. Nc3 Nf6 4.
Nf3 c5 5. cxd5 Nxd5 6. e3 cxd4 7. exd4 Nxc3 8. bxc3 Qc7 9. Bb2 Nd7 10. Bd3 b6 11.
O-O Bd6 12. Ng5 Nf6 13. Qf3 Bb7 14. Qh3 h6 15. c4 Bf4 16. Nxe6 fxe6 17. Qxe6+ Qe7 18.
Bg6+ Kd8 19. Qf5 Qe4 20. d5 Qxf5 21. Bxf5 Bc8 22. Bd3 Re8 23. a4 Be5 24. Rfb1 Bxb2 25. Rxb2 Kc7 26. a5 Bd7 27. f3 Reb8 28. Kf2 Ne8 29.
Ke3 Nd6 30. Kd4 Bf5 31. Bf1 Bd7 32. g4 Rf8 33. Be2 g5 34. Rba2 Rf4+ 35. Kc3 Re8 36. axb6+ axb6 37. Ra7+ Nb7 38. d6+ Kc6 39. Bd1 Nc5 40.
Ba4+ Nxa4+ 41. R1xa4 Kxd6 42. Rb4 Kc6 43. Ra6 Rb8 44. c5 Rxb4 45. Kxb4 Bc8 46. Rxb6+ Rxb6+ 47. cxb6 Kxb6 48. Kc4 Bb7 49. f4 gxf4 50. h4 Kc7 51.
Kd4 Kd6 52. g5 hxg5 53. hxg5 Ke6 0-1

[Event "*** Titled Tuesday Blitz"]
[Site "Chess.com"]
[Date "2020.11.10"]
[Round "11"]
[White "Savagelittlemole"]
[Black "Radzio1987"]
[Result "1-0"]
[WhiteElo "2586"]
[BlackElo "2748"]
[TimeControl "180+1"]
[EndTime "12:13:25 PST"]
[Termination "Savagelittlemole won on time"]

1. e4 c6 2. d4 d5 3. e5 Bf5 4. Nf3 e6 5. Be2 Nd7 6. O-O Ne7 7. Nbd2 Nc8 8. c4 Be7 9. b3 O-O 10. Bb2 a5 11. Rc1 a4 12. Re1 Qa5 13. c5 Qc7 14. b4 a3 15. Bc3 Na7 16. Nf1 Nb5 17.
Bxb5 cxb5 18. Ng3 Bg6 19. Qe2 Qc6 20. h4 h6 21. h5 Bh7 22. Bd2 Ra4 23. Nh2 Rfa8 24.
Ng4 Bf8 25. Qf3 Qc8 26. Ne2 Qd8 27. Qg3 Kh8 28. Nf4 Nb8 29. Re3 Nc6 30. Ne2 Nxb4 31. Bxb4 Rxb4 32. Rf3 Qg5 33. Rf1 Rb2 34. Nf4 Be4 35.
Nh3 Qxh5 36. Nf4 Qg5 37. Nh3 Qg6 38. Nf4 Qh7 39. Re3 Rxa2 40. Nh5 Bf5 41. Qf4 Rb2 42.
Nhf6 gxf6 43. Nxf6 Qg6 44. Rg3 a2 45. Rxg6 1-0

[Event "*** Titled Tuesday Blitz"]
[Site "Chess.com"]
[Date "2020.11.10"]
[Round "11"]
[White "stepanosinovsky"]
[Black "juli2512"]
[Result "0-1"]
[WhiteElo "2339"]
[BlackElo "2120"]
[TimeControl "180+1"]
[EndTime "12:13:26 PST"]
[Termination "juli2512 won on time"]

1. e4 c5 2. Nf3 d6 3. d4 cxd4 4. Nxd4 Nf6 5. Nc3 Nc6 6. Be3 e5 7. Nb3 Be7 8. Qd2 O-O 9. O-O-O Be6 10. Kb1 Ng4 11. f4 Nxe3 12. Qxe3 exf4 13. Qxf4 Ne5 14.
Nd4 Bg5 15. Qg3 Bh4 16. Qf4 Bg5 17. Qg3 Bh4 18. Nxe6 fxe6 19. Qh3 Qe7 20. Ne2 Bf6 21.
Nd4 Rae8 22. Bb5 Rc8 23. Nxe6 Rf7 24. Ng5 Bxg5 25. Qxc8+ Rf8 26. Qh3 Qc7 27. Rhf1 Bf6 28. Qe6+ Kh8 29. g4 Qb6 30. Qxd6 Qxd6 31. Rxd6 Nxg4 32.
h3 Ne5 33. Re6 Rd8 34. Re8+ Rxe8 35. Bxe8 Kg8 36. Bb5 Kf8 37. c3 Ke7 38. Kc2 a6 39. Be2 Kd6 40. Rd1+ Ke7 41. a4 Bg5 42. Rd5 Bf4 43.
b4 g6 44. a5 h5 45. Kb3 Kf6 46.
b5 axb5 47. Rxb5 Kg5 0-1

[Event "*** Titled Tuesday Blitz"]
[Site "Chess.com"]
[Date "2020.11.10"]
[Round "11"]
[White "Matols"]
[Black "Pertinhez76"]
[Result "0-1"]
[WhiteElo "2227"]
[BlackElo "2126"]
[TimeControl "180+1"]
[EndTime "12:13:26 PST"]
[Termination "Pertinhez76 won on time"]

1. d4 Nf6 2. c4 e5 3. dxe5 Ng4 4. Nf3 Bc5 5. e3 Nc6 6. Nc3 Ngxe5 7. Nxe5 Nxe5 8.
Be2 O-O 9. O-O a5 10. f4 Nc6 11. Kh1 Re8 12. e4 d6 13. b3 Nd4 14. Bb2 c6 15.
Bd3 Qh4 16. Qe1 Qxe1 17. Raxe1 Bd7 18. g3 Bh3 19. Rf2 f5 20. Na4 Ba7 21. c5 fxe4 22.
Rxe4 Rxe4 23. Bxe4 dxc5 24. Bg2 Bxg2+ 25. Kxg2 Re8 26.
Bc3 b5 27. Nb2 b4 28. Bd2 Ne2 29. Nc4 Nc3 30. Bxc3 bxc3 31. Rc2 a4 32. Kf2 Re4 33. Rxc3 axb3 34. axb3 h5 35. Rd3 Re7 36. Rd8+ Kh7 37. Rc8 Rb7 38. Na5 Rb5 39. Nxc6 Bb6 40. Kg2 Rxb3 41.
Ne5 Rb2+ 42. Kh3 Rc2 43. Rc6 Ba5 44. Rc8 Bb4 45. Rc7 h4 46. Kxh4 Re2 0-1

[Event "*** Titled Tuesday Blitz"]
[Site "Chess.com"]
[Date "2020.11.10"]
[Round "11"]
[White "vladgoncharov"]
[Black "Legendinunknown"]
[Result "0-1"]
[WhiteElo "2474"]
[BlackElo "2695"]
[TimeControl "180+1"]
[EndTime "12:13:27 PST"]
[Termination "Legendinunknown won by resignation"]

1. d4 d5 2. c4 c6 3. Nf3 Nf6 4.
e3 e6 5. Bd3 Bd6 6. O-O O-O 7.
Nbd2 Nbd7 8. e4 dxe4 9. Nxe4 Nxe4 10. Bxe4 Nf6 11. Bc2 c5 12. Bg5 b6 13. Qd3 g6 14.
Ne5 Bb7 15. Ng4 Be7 16. dxc5 Nxg4 17. Bxe7 Qxe7 18. cxb6 axb6 19. Qd4 Nf6 20. Qxb6 Rfc8 21. b3 Ra6 22. Qe3 Nd5 23. Qd2 Nf6 24. Rfd1 Qc5 25.
Qd4 Qg5 26. g3 Ng4 27. Bd3 Ne5 28. Be2 Bf3 29. Qd2 Qf5 30. Qe3 Rca8 31. Bxf3 Nxf3+ 32. Kg2 Ne5 33. Rd2 Ng4 34. Qc3 h5 35. h3 Nf6 36.
Qf3 Qe5 37. Rad1 Rxa2 38. Rd8+ Rxd8 39. Rxd8+ Kg7 40. Qf4 Qc5 41. Rd2 Qc6+ 42. f3 Qa6 43. g4 hxg4 44. hxg4 Qa3 45. g5 Nh5 46. Qd4+ Kh7 47. c5 Rxd2+ 48. Qxd2 Qxc5 49. b4 Qd5 50. Qe3 Qc4 51. Qa7 Kg7 52. Qa1+ Kh7 53. Qa7 e5 54.
Qe7 Nf4+ 55. Kg3 Qe6 56. Qxe6 Nxe6 57. b5 Kg7 58. b6 Nc5 59. f4 exf4+ 60. Kxf4 f6 61.
Kg4 fxg5 62. Kxg5 Nb7 63. Kf4 Kf6 64. Kg4 g5 65. Kf3 Kf5 66. Kg3 g4 67. Kg2 Kf4 68.
Kf2 g3+ 69. Kg2 Kg4 70. Kg1 Kf3 71. Kf1 g2+ 72. Kg1 Nc5 0-1

[Event "*** Titled Tuesday Blitz"]
[Site "Chess.com"]
[Date "2020.11.10"]
[Round "11"]
[White "Nemsko"]
[Black "enriquetejedor"]
[Result "1-0"]
[WhiteElo "2380"]
[BlackElo "2464"]
[TimeControl "180+1"]
[EndTime "12:13:27 PST"]
[Termination "Nemsko won on time"]

1. e4 e5 2. Nf3 Nc6 3. Bb5 a6 4.
Ba4 Nf6 5. O-O Bc5 6. c3 b5 7.
Bc2 d6 8. h3 O-O 9. d4 Bb6 10.
Bg5 h6 11. Be3 exd4 12. cxd4 Re8 13. Nbd2 Bb7 14. a4 Nb4 15. d5 Nxc2 16. Qxc2 Bxe3 17. fxe3 Rc8 18. Nd4 Qe7 19. axb5 axb5 20. Ra7 Rb8 21. Nf5 Qd8 22. Rc1 Bc8 23. Qxc7 Qxc7 24. Rcxc7 Bxf5 25. exf5 Rxe3 26. Rxf7 Ne8 27. Rfe7 Rxe7 28. Rxe7 Kf8 29.
Rd7 Rc8 30. Ne4 Rc1+ 31. Kh2 Rd1 32. Nc3 Rd2 33. Nxb5 Rxd5 34. Rb7 Rxf5 35. Rb8 Rf6 36. Nc7 Rf5 37. Rxe8+ Kf7 38. Rd8 Rc5 39. Na6 Rb5 40. b4 Rb6 41. Rb8 Rc6 42. b5 Rc1 43. b6 Rb1 44. Nc7 Kf6 45. b7 Kg6 46. Nd5 Rb3 47. Ne7+ Kf7 48. Nc6 Rb5 49. Ra8 Rxb7 50. Nd8+ Kg6 51.
Nxb7 Kg5 52. Rd8 Kh5 53. Rxd6 g6 54. Nc5 Kg5 55. Kg3 Kh5 56. Ne4 1-0

[Event "*** Titled Tuesday Blitz"]
[Site "Chess.com"]
[Date "2020.11.10"]
[Round "11"]
[White "NewBornNow"]
[Black "crazy_but_lazy"]
[Result "1-0"]
[WhiteElo "2660"]
[BlackElo "2498"]
[TimeControl "180+1"]
[EndTime "12:13:28 PST"]
[Termination "NewBornNow won by checkmate"]

1. e4 e6 2. d4 d5 3. Nc3 Nf6 4.
e5 Nfd7 5. Nce2 c5 6. c3 Nc6 7. f4 Qb6 8. Nf3 cxd4 9. cxd4 Bb4+ 10. Nc3 f6 11. Bd3 O-O 12. a3 Be7 13. h4 Kh8 14.
Bxh7 Kxh7 15. Ng5+ fxg5 16. hxg5+ Kg8 17. g6 Rf5 18. g4 Nxd4 19. gxf5 Nxf5 20. Qh5 Bh4+ 21. Kd1 Qd4+ 22. Kc2 Nc5 23. Rd1 Qf2+ 24. Rd2 Ne3+ 25. Kb1 Qxf4 26. Qh7+ Kf8 27. Qh8+ Ke7 28. Qxg7+ Kd8 29. Qg8+ Kc7 30. Rxd5 exd5 31. Nxd5+ Nxd5 32. Qg7+ Ne7 33. Bxf4 Bf5+ 34. Ka2 Be6+ 35. b3 Nxb3 36. Rh1 Nd4+ 37. Kb2 Nf5 38. Qh7 Rd8 39. Rxh4 Kd7 40.
Bg5 Re8 41. Rh1 Bg8 42. Qh5 Ke6 43. Rf1 Rc8 44. Bxe7 Nxe7 45. Qg4+ Kd5 46. Rd1+ Kc6 47. Qd7+ Kb6 48. Qxe7 Bc4 49. Rd6+ Ka5 50. Qxb7 Rc5 51.
Qb4# 1-0

[Event "*** Titled Tuesday Blitz"]
[Site "Chess.com"]
[Date "2020.11.10"]
[Round "11"]
[White "midedu"]
[Black "Blitzking642"]
[Result "0-1"]
[WhiteElo "2091"]
[BlackElo "2286"]
[TimeControl "180+1"]
[EndTime "12:13:28 PST"]
[Termination "Blitzking642 won on time"]

1. e4 c5 2. Nc3 g6 3. g3 Bg7 4. Bg2 Nc6 5. Nge2 e6 6. O-O Nge7 7. d3 d5 8. exd5 exd5 9. Bg5 d4 10. Nd5 O-O 11.
Nf6+ Kh8 12. Qd2 h6 13. Bxh6 Bxf6 14. Bxf8 Qxf8 15. Qf4 Bg7 16. a3 Be6 17. Qc7 Qc8 18. Qd6 b6 19. Qf4 Kg8 20. Qg5 Qd7 21. Rfe1 Nd5 22. Nf4 Nxf4 23. Qxf4 Bd5 24. Be4 Rd8 25. Re2 Bxe4 26. Qxe4 Ne5 27. Rae1 Qh3 28. Qg2 Qh5 29. g4 Nxg4 30. Re8+ Rxe8 31. Rxe8+ Bf8 32. h3 Nf6 33. Ra8 Kg7 34. f3 Bd6 35. Rxa7 Nd5 36. Qg4 Qe5 37.
f4 Qe3+ 38. Kf1 Nxf4 39. h4 Qc1+ 40. Kf2 Qxc2+ 41. Kf3 Qxd3+ 42. Kf2 Qd2+ 43. Kf1 d3 44. Rd7 Be5 45. h5 Qc1+ 46. Kf2 Qxb2+ 47. Ke3 Qe2+ 0-1

[Event "*** Titled Tuesday Blitz"]
[Site "Chess.com"]
[Date "2020.11.10"]
[Round "11"]
[White "Semen_Khanin"]
[Black "Chernobay_Artem"]
[Result "0-1"]
[WhiteElo "2784"]
[BlackElo "2673"]
[TimeControl "180+1"]
[EndTime "12:13:29 PST"]
[Termination "Chernobay_Artem won by checkmate"]

1. c4 c5 2. Nc3 Nc6 3. g3 g6 4. Bg2 Bg7 5. Nf3 e5 6. O-O Nge7 7. d3 O-O 8. Rb1 d6 9. a3 a5 10. Bd2 Rb8 11. Ne1 Be6 12. Nc2 d5 13. cxd5 Nxd5 14.
b4 cxb4 15. Nxd5 Bxd5 16. axb4 Bxg2 17. Kxg2 Qd5+ 18. Kg1 a4 19. b5 Nd4 20. Nxd4 exd4 21. Qxa4 Rfe8 22. Rfe1 Ra8 23. Qb4 Ra2 24. Rbd1 h5 25.
h4 Bf8 26. Qb1 Ba3 27. e4 dxe3 28. Bxe3 Rb2 29. Qa1 Qb3 30. Bd4 Rbe2 31. Rxe2 Rxe2 32. Qb1 Qd5 33. Be3 Rxe3 34. fxe3 Qf3 35. Qc2 Qxg3+ 36. Qg2 Qxe3+ 37. Qf2 Qe6 38. Qf3 b6 39. Kg2 Be7 40. Qe4 Qa2+ 41. Kf3 Bd6 42. Qe2 Qd5+ 43. Qe4 Qxb5 44.
Rc1 Qb2 45. Rc8+ Kg7 46. Qd5 Qf6+ 47. Ke2 Qb2+ 48. Kf3 Bc5 49. Rc7 Qf2+ 50. Ke4 Qe3# 0-1

[Event "*** Titled Tuesday Blitz"]
[Site "Chess.com"]
[Date "2020.11.10"]
[Round "11"]
[White "QuintilianoR"]
[Black "chenxiaoyuer"]
[Result "0-1"]
[WhiteElo "2671"]
[BlackElo "2554"]
[TimeControl "180+1"]
[EndTime "12:13:29 PST"]
[Termination "chenxiaoyuer won on time"]

1. Nf3 Nf6 2. c4 g6 3. Nc3 Bg7 4. d4 d6 5. e4 O-O 6. Be2 e5 7. O-O Nc6 8. d5 Ne7 9. b4 a5 10. Ba3 axb4 11. Bxb4 b6 12. a4 Re8 13. Re1 Bf8 14. Bf1 c5 15. Ba3 Bg7 16. Nb5 Rf8 17. Bb2 Ne8 18. Bc3 f5 19. a5 fxe4 20. Nd2 bxa5 21.
Nxe4 Nf5 22. Qa4 Nd4 23. Bxa5 Qe7 24. Nbc3 Bd7 25. Qd1 Bh6 26. Ra2 Nf6 27. Nxf6+ Rxf6 28. Ne4 Rf7 29. Ra1 Bf5 30. Bc3 Raf8 31. Ra2 Qh4 32. Ng3 Bf4 33. Bd2 Bg4 34. Qc1 Bxd2 35. Qxd2 Rxf2 36.
Qxf2 Rxf2 37. Rxf2 Qe7 38. Ne4 Bf5 39. Ng3 Qb7 40. h3 Qb3 41. Ne4 Bxe4 42. Rxe4 Kg7 43. Re1 Qc3 44. Rb1 Qe3 45. Rb7+ Kh6 46. Rf7 Nf5 47. Be2 Ng3 48. Bf1 Ne4 49. Rf3 Qd4 0-1

[Event "*** Titled Tuesday Blitz"]
[Site "Chess.com"]
[Date "2020.11.10"]
[Round "11"]
[White "RaunakSadhwani2005"]
[Black "LyonBeast"]
[Result "1/2-1/2"]
[WhiteElo "3016"]
[BlackElo "3074"]
[TimeControl "180+1"]
[EndTime "12:13:30 PST"]
[Termination "Game drawn by repetition"]

1. e4 c5 2. Nf3 d6 3. d4 cxd4 4.
Nxd4 Nf6 5. Nc3 a6 6. Be3 e5 7.
Nf3 Be7 8. Bc4 O-O 9. O-O Be6 10. Bxe6 fxe6 11. Na4 Ng4 12. Qd3 Nxe3 13. Qxe3 b5 14. Nb6 Ra7 15. Nd5 Rb7 16. Qd3 Nc6 17. a4 Qd7 18. axb5 axb5 19. Nxe7+ Nxe7 20. Rfd1 Nc8 21. Nxe5 Qc7 22. Nf3 Qc5 23. c3 b4 24.
c4 h6 25. b3 Rbf7 26. Ra6 Qh5 27. Qe2 Ne7 28. Raxd6 Ng6 29. Qf1 Rxf3 30. gxf3 Nh4 31. R1d3 Nxf3+ 32. Rxf3 Rxf3 33. Qd1 Qg6+ 34. Kf1 Rh3 35. Qd5 exd5 36. Rxg6 dxe4 37. Re6 Rxb3 38. Rxe4 Rc3 39. c5 b3 40. Rb4 Kf7 41. Ke2 Ke6 42. Kd2 Rc2+ 43. Kd3 Rxf2 44. Rxb3 Rxh2 45. Rb6+ Kf5 46. c6 Rh1 47. Kd2 Rh2+ 48. Kd3 Rh1 49. Kd2 Rh4 50. Kd3 Rh1 1/2-1/2

[Event "*** Titled Tuesday Blitz"]
[Site "Chess.com"]
[Date "2020.11.10"]
[Round "11"]
[White "Love_craft"]
[Black "Trickov"]
[Result "1-0"]
[WhiteElo "2600"]
[BlackElo "2370"]
[TimeControl "180+1"]
[EndTime "12:13:30 PST"]
[Termination "Love_craft won on time"]

1. Nf3 d5 2. g3 Nf6 3. Bg2 c6 4. O-O Bf5 5. d3 h6 6. Nfd2 e6 7. e4 Bh7 8. f4 Be7 9. f5 dxe4 10. fxe6 exd3 11. exf7+ Kxf7 12. cxd3 Qxd3 13. Nc3 Rd8 14. Qb3+ Kf8 15. Nde4 Nd7 16. Qxb7 Qd4+ 17. Kh1 Qb6 18. Qxb6 axb6 19. Nxf6 Nxf6 20. Bxc6 Rac8 21. Bg2 Bd3 22. Re1 Bb4 23. Be3 Bc5 24. h3 b5 25. a3 Bxe3 26. Rxe3 Bc4 27. Ne4 Nxe4 28. Bxe4 Rd2 29.
b3 Be6 30. Rf1+ Kg8 31. Bb7 Bxh3 32. Bxc8 Bxf1 33. Be6+ Kf8 34. Rf3+ Ke7 35. Re3 Bg2+ 36.
Kg1 Kf6 37. Bg4 Bc6 38. Be2 Kg5 39. b4 Bd5 40. Kf2 Bc4 41. Ke1 Ra2 42. Bxc4 1-0

[Event "*** Titled Tuesday Blitz"]
[Site "Chess.com"]
[Date "2020.11.10"]
[Round "11"]
[White "m_ezat"]
[Black "Mikhal867"]
[Result "1-0"]
[WhiteElo "2474"]
[BlackElo "2352"]
[TimeControl "180+1"]
[EndTime "12:13:30 PST"]
[Termination "m_ezat won on time"]

1. d4 g6 2. c4 Bg7 3. e4 d6 4. Nc3 Nf6 5. Be2 O-O 6. Bg5 Na6 7. Qd2 e5 8. d5 Nc5 9. f3 a5 10. g4 c6 11. h4 Qb6 12. h5 Bd7 13. Nh3 cxd5 14.
cxd5 Na4 15. Be3 Qxb2 16. Qxb2 Nxb2 17. Rb1 Na4 18. Nxa4 Bxa4 19. Kd2 Rfc8 20. Rhc1 Rxc1 21. Rxc1 gxh5 22. g5 Ne8 23. Bb6 Bd7 24. Nf2 h6 25.
Rg1 Kh7 26. Be3 hxg5 27. Rxg5 Nf6 28. Rg1 Bh6 29. Rb1 b5 30. Bxb5 Rb8 31. a4 h4 32.
Rh1 Bxb5 33. Rxh4 Ng8 34. axb5 Kg6 35. Ng4 Bxe3+ 36. Nxe3 Rxb5 37. Nf5 Rb6 38. Rg4+ Kh7 39. Rg7+ Kh8 40. Rxf7 Ra6 41. Kc2 a4 42. Kb2 a3+ 43. Ka2 Ra8 44. Nxd6 Nh6 45. Re7 Rf8 46. Re8 Rxe8 47.
Nxe8 Nf7 48. d6 Kg8 49. d7 Kf8 50. Nd6 Nd8 51. Nc4 Ke7 52. Nxe5 Ke6 53. f4 Kd6 54. Kxa3 Kc5 55. Kb3 Kd4 56. Kb4 Kxe4 57. Kc5 Kxf4 58. Nc6 Nf7 59. Kb6 1-0

[Event "*** Titled Tuesday Blitz"]
[Site "Chess.com"]
[Date "2020.11.10"]
[Round "11"]
[White "VerdeNotte"]
[Black "BocharovD"]
[Result "0-1"]
[WhiteElo "2900"]
[BlackElo "2816"]
[TimeControl "180+1"]
[EndTime "12:13:31 PST"]
[Termination "BocharovD won on time"]

1. e4 c5 2. Nc3 e6 3. Nf3 a6 4. g3 d6 5. Bg2 Nf6 6. O-O Be7 7. Re1 O-O 8. e5 dxe5 9. Nxe5 Nbd7 10. Nc4 Rb8 11.
a4 b6 12. d3 Bb7 13. Bf4 Bxg2 14. Bxb8 Ba8 15. Bd6 Bxd6 16. Nxd6 Qc7 17. Nde4 Ne5 18. f3 Nfd7 19. Re3 h6 20. Nd2 Qd6 21. Qe2 Nc6 22. Nce4 Qc7 23. c3 Rd8 24. Nf2 Nf6 25. Qf1 Ne5 26.
Rae1 Ng6 27. Nde4 Nd5 28. R3e2 Qc6 29. a5 b5 30. d4 cxd4 31. cxd4 Nb4 32. Rc1 Qd5 33. Qe1 Nc6 34. Rc5 Qd7 35. d5 exd5 36. Rd2 Nce5 37. Qd1 Qe7 38. f4 Nc4 39. Rdxd5 Bxd5 40.
Rxd5 Rxd5 41. Qxd5 Qb4 42. h4 Ne7 43. Qd8+ Kh7 44.
Qd3 f5 45. Nc3 Qxb2 46. g4 Qc1+ 47. Kg2 Qxf4 48. Ne2 Ne3+ 49. Kg1 Qf3 0-1

[Event "*** Titled Tuesday Blitz"]
[Site "Chess.com"]
[Date "2020.11.10"]
[Round "11"]
[White "ShcufNaiRolf"]
[Black "Borsuk_Konstantin"]
[Result "0-1"]
[WhiteElo "2327"]
[BlackElo "2581"]
[TimeControl "180+1"]
[EndTime "12:13:32 PST"]
[Termination "Borsuk_Konstantin won on time"]

1. e4 e6 2. d4 d5 3. Nc3 Bb4 4. exd5 exd5 5. Bd3 c6 6. Nf3 f6 7. O-O Ne7 8. Ne2 Bd6 9. Bf4 Ng6 10. Bxd6 Qxd6 11.
Qd2 Bg4 12. Ng3 O-O 13. Bxg6 hxg6 14. Qd3 Kf7 15. Nh4 Qf4 16. Qxg6+ Kg8 17. h3 Be6 18.
Nhf5 Qg5 19. Qxg5 fxg5 20. Ne3 Nd7 21. Rae1 Rae8 22. c3 b5 23. f3 a5 24. Nd1 c5 25.
Nf2 c4 26. Re2 Nf6 27. Rfe1 Bd7 28. Rxe8 Rxe8 29. Rxe8+ Nxe8 30. Ng4 Bxg4 31. hxg4 g6 32. Kf2 b4 33. Nf1 bxc3 34. bxc3 Kf7 35. Ne3 Ke6 36. Nc2 Nd6 37. Ke3 Nb5 38. Kd2 Nc7 39. a4 Na8 40. Na3 Nb6 41. Nb5 Kd7 42. g3 Nxa4 43. f4 gxf4 44.
gxf4 Nb6 45. Ke3 a4 46. Kf3 Nc8 47. Kg3 Nd6 48. Na3 Ne4+ 49. Kh4 Ke6 0-1

[Event "*** Titled Tuesday Blitz"]
[Site "Chess.com"]
[Date "2020.11.10"]
[Round "11"]
[White "Obito24"]
[Black "Kavyev_Ruslan"]
[Result "0-1"]
[WhiteElo "2555"]
[BlackElo "2418"]
[TimeControl "180+1"]
[EndTime "12:13:33 PST"]
[Termination "Kavyev_Ruslan won by resignation"]

1. e4 c5 2. Nf3 d6 3. d4 cxd4 4. Nxd4 Nf6 5. Nc3 a6 6. Be2 e5 7. Nb3 Be7 8. g4 Be6 9. g5 Nfd7 10. h4 Nc6 11. Be3 b5 12. Bg4 Nb6 13. Bxe6 fxe6 14. Qg4 Nc4 15. O-O-O Qc8 16. h5 O-O 17. Kb1 b4 18.
Na4 a5 19. Nd2 Nxe3 20. fxe3 Rb8 21. Nc4 Nd8 22. Nxd6 Qc6 23. g6 h6 24. Nf7 Nxf7 25. gxf7+ Rxf7 26. b3 Rf2 27. Rc1 Bg5 28. Rhe1 Rc8 29.
c4 Rd8 30. Rc2 Rdd2 31. Rxd2 Rxd2 32. c5 Qd7 33. Nb2 Rxb2+ 34. Kxb2 Qd2+ 35. Kb1 Qxe1+ 36. Kb2 Qd2+ 37. Kb1 Qxe3 38. Qxe6+ Kf8 39. Qc8+ Kf7 40. Qd7+ Be7 41. Qf5+ Kg8 42. Qe6+ Kh8 43. Qxe7 Qxe4+ 44. Kc1 Qe1+ 45. Kc2 Qc3+ 46. Kb1 Qd3+ 47. Kc1 Qf1+ 48.
Kc2 Qe2+ 49. Kc1 Qxh5 50. c6 Qh1+ 51. Kb2 Qxc6 52. Qxe5 Qf6 0-1

[Event "*** Titled Tuesday Blitz"]
[Site "Chess.com"]
[Date "2020.11.10"]
[Round "11"]
[White "Fins0905"]
[Black "SharapovEvgeny"]
[Result "1-0"]
[WhiteElo "2623"]
[BlackElo "2467"]
[TimeControl "180+1"]
[EndTime "12:13:35 PST"]
[Termination "Fins0905 won by resignation"]

1. Nf3 c5 2. c3 Nc6 3. d4 cxd4 4. cxd4 d5 5. Nc3 Nf6 6. Bf4 a6 7. Rc1 Nh5 8. Bg5 h6 9. Bh4 g5 10. Bg3 Nxg3 11. hxg3 Bg7 12. e3 e6 13. Bd3 O-O 14. O-O f5 15. Na4 g4 16. Ne1 h5 17. Bb1 h4 18. gxh4 Qxh4 19. g3 Qh3 20. Ng2 Rf6 21. Nf4 Qh7 22. Kg2 Rh6 23. Rh1 Rxh1 24. Qxh1 Qxh1+ 25. Kxh1 Kf7 26. a3 Ke7 27. Bd3 Kd6 28. Kg2 e5 29. Nb6 Rb8 30. Nxc8+ Rxc8 31. Bxf5 Rf8 32. dxe5+ Bxe5 33. Bxg4 Bxb2 34. Rb1 Bxa3 35. Rxb7 Ne5 36. Be2 Nc4 37. Ra7 Bc5 38. Rxa6+ Nb6 39.
Bf3 Ke5 40. Ra5 Rc8 41. Nd3+ Kd6 42. g4 d4 43. Nxc5 Rxc5 44. Ra6 Kc7 45. exd4 Rc4 46. Ra7+ Kd6 47. Ra6 Kc7 48. d5 Rd4 49. Kg3 Nxd5 50. Bxd5 Rxd5 51. Re6 Kd7 52. Re3 Rd1 53. f4 Rg1+ 54. Kh4 Rf1 55. Kg5 1-0

[Event "*** Titled Tuesday Blitz"]
[Site "Chess.com"]
[Date "2020.11.10"]
[Round "11"]
[White "Vsevolod_Ovchinnikov"]
[Black "GMKrikor"]
[Result "1-0"]
[WhiteElo "2539"]
[BlackElo "2756"]
[TimeControl "180+1"]
[EndTime "12:13:38 PST"]
[Termination "Vsevolod_Ovchinnikov won on time"]

1. d4 Nf6 2. c4 g6 3. Nc3 d5 4.
Nf3 Bg7 5. h4 dxc4 6. e4 c5 7. d5 b5 8. h5 Nxh5 9. Nxb5 Qa5+ 10.
Nc3 Nd7 11. Bd2 Rb8 12. Qc2 Ba6 13. Nd1 Qb6 14. Bxc4 O-O 15. O-O Bxc4 16. Qxc4 Ne5 17. Nxe5 Bxe5 18. Rb1 Qf6 19. Bc3 Rfc8 20. Ne3 Bxc3 21.
bxc3 Nf4 22. Rxb8 Rxb8 23. g3 Nh3+ 24. Kg2 Ng5 25. f4 Rb2+ 26. Rf2 Rxf2+ 27. Kxf2 Nh3+ 28.
Kg2 Nxf4+ 29. gxf4 Qxf4 30. Nf1 h5 31. Qe2 h4 32.
Qf3 Qe5 33. Kh3 Kg7 34. Kxh4 e6 35. dxe6 Qxe6 36. a4 Qc4 37. Ng3 Qxa4 38. Qf4 Qe8 39. Kg4 Qe6+ 40. Kf3 Qc4 41. Qe3 a5 42. Ne2 a4 43. Qd2 a3 44. Nc1 Qe6 45. Ke3 Qh3+ 46. Ke2 Qg2+ 47. Kd3 Qf1+ 48. Kc2 Qc4 49. Qd3 Qa4+ 50.
Kb1 g5 51. Ka2 1-0